 Dungeon Crawl Stone Soup version 0.19-a0-559-ga3d69d0 (webtiles) character file.

1270 wvc the Basher (level 8, -4/80 HPs)
             Began as an Ogre Wanderer on June 8, 2016.
             Was a Believer of Okawaru.
             Slain by a wyvern zombie (9 damage)
             ... on level 6 of the Dungeon.
             The game lasted 00:10:29 (5560 turns).

wvc the Basher (Ogre Wanderer)                      Turns: 5560, Time: 00:10:30

Health: -4/80      AC:  5    Str: 15    XL:     8   Next: 53%
Magic:  8/8        EV:  9    Int: 12    God:    Okawaru [**....]
Gold:   377        SH:  0    Dex: 11    Spells: 0 memorised, 7 levels left

rFire  . . .     SeeInvis .     c - +0 flail
rCold  + . .     Gourm    .     v - +0 animal skin
rNeg   . . .     Faith    .     (no shield)
rPois  +         Spirit   .     (helmet restricted)
rElec  .         Dismiss  .     o - +1 cloak
rCorr  .         Reflect  .     (gloves unavailable)
SustAt .         Harm     .     (boots unavailable)
MR     .....                    (no amulet)
Stlth  +.........               n - ring of protection from cold
                                g - ring of poison resistance

@: drained, not resistant to hostile enchantments, very unstealthy
A: unfitting armour, talons 1, blurry vision 1, tough skin 1, weak 1
a: Heroism, Renounce Religion


You were on level 6 of the Dungeon.
You worshipped Okawaru.
Okawaru was pleased with you.
You were hungry.

You visited 1 branch of the dungeon, and saw 6 of its levels.

You collected 377 gold pieces.

Inventory:

Hand Weapons
 a - a +2 hand crossbow
 c - a +0 flail (weapon)
 D - a +0 whip of flaming
Missiles
 b - 50 bolts
 i - 46 poisoned needles
Armour
 o - a +1 cloak (worn)
 v - a +0 animal skin (worn)
Jewellery
 e - an uncursed ring of see invisible
 g - a ring of poison resistance (left hand)
 n - a ring of protection from cold (right hand)
 x - an uncursed ring of magical power
Wands
 j - a wand of disintegration (19/24)
 q - a wand of digging (15/24)
 s - a wand of polymorph (18/24)
 u - a wand of paralysis (8/24)
 y - a wand of lightning (7/15)
Scrolls
 h - 2 scrolls of remove curse
 l - a scroll of fog
 B - 2 scrolls of recharging
Potions
 d - 4 potions of curing
 m - 2 potions of agility
 r - a potion of flight
 w - a potion of brilliance
 A - a potion of haste
 C - a potion of invisibility {unknown}
Comestibles
 f - 3 bread rations
 k - 2 slices of pizza
 p - 3 fruits
 t - 2 meat rations
 z - a beef jerky


   Skills:
 + Level 5.3(4.3) Fighting
 * Level 12.1(10.9) Maces & Flails
 - Level 2.1(1.3) Crossbows
 - Level 2.0(1.1) Dodging
 - Level 1.5(0.7) Stealth


You had 7 spell levels left.
You didn't know any spells.

Dungeon Overview and Level Annotations

Branches:
Dungeon (6/15)
 Temple: D:4-7

Altars:
Ashenzari
Gozag
Okawaru
Pakellas
Ru

Annotations:
D:5 Prince Ribbit


Innate Abilities, Weirdness & Mutations

You are too large for most types of armour.
You have tough skin. (AC +1)
You have sharp toenails.
Scrolls take you a little longer to read.
You are weak. (Str -2)


Message History

You claw the wyvern zombie. The wyvern zombie closely misses you.
You barely miss the wyvern zombie. The wyvern zombie bites you.
You hit the wyvern zombie. The wyvern zombie bites you.
You hit the wyvern zombie but do no damage.
The wyvern zombie bites you! x2
* * * LOW HITPOINT WARNING * * *
You are too injured to fight recklessly!
You are too injured to fight recklessly!
You are too injured to fight recklessly!
You hit the wyvern zombie.
You claw the wyvern zombie, but do no damage.
The wyvern zombie bites you!
* * * LOW HITPOINT WARNING * * *
You barely miss the wyvern zombie. You claw the wyvern zombie.
The wyvern zombie bites you!
* * * LOW HITPOINT WARNING * * *
You hit the wyvern zombie.
You claw the wyvern zombie, but do no damage.
The wyvern zombie bites you!
You die...

.# ##.#### . #.##..###
#.#.##.#..##
#.#.#.###..## #÷...#
###÷## # #.#...## #.#÷###
#.# #.##..#.###.#...#
....##.#.##.#..#.###.##
......##@######.#.##..###
.....rrZ## ####......#
.......rr# ##.......
#........# ##.......#
#.......## ####.##....##
######### #...########
#####


You could see a wyvern zombie and 3 rats.

Vanquished Creatures
  Pikel (D:6)
  A slave (D:6)
  Duvessa (D:4)
  A centaur (D:5)
  Dowan (D:4)
  A howler monkey (D:4)
  2 hounds
  2 iguanas (D:5)
  Natasha (thrice) (D:3)
  2 worker ants
  A hell rat (D:6)
  Robin (D:2)
  6 adders
  4 gnolls
  6 river rats (D:6)
  A shadow imp (D:6)
  An adder skeleton (D:4)
  A worm (D:2)
  2 dart slugs (D:3)
  3 giant geckos
  6 orcs (D:3)
  7 bats
  3 giant cockroaches
  18 goblins
  10 hobgoblins
  12 jackals
  A quokka (D:3)
  4 giant newts
  7 kobolds
  A quokka skeleton (D:4)
  24 rats
134 creatures vanquished.

Vanquished Creatures (others)
  A water moccasin zombie (D:6)
  A jackal skeleton (D:6)
2 creatures vanquished.

Grand Total: 136 creatures vanquished

Notes
Turn   | Place    | Note
--------------------------------------------------------------
     0 | D:1      | wvc the Ogre Wanderer began the quest for the Orb.
     0 | D:1      | wvc set off with: a +2 hand crossbow, 25 bolts, a +0 robe, a potion of curing, a +0 dagger, a bread ration
     0 | D:1      | Reached XP level 1. HP: 24/24 MP: 1/1
   196 | D:1      | Reached XP level 2. HP: 33/33 MP: 2/2
   569 | D:2      | Reached skill level 1 in Maces & Flails
   692 | D:2      | Reached skill level 2 in Maces & Flails
   765 | D:2      | Reached XP level 3. HP: 37/40 MP: 3/3
   878 | D:2      | Reached skill level 3 in Maces & Flails
   884 | D:2      | Noticed Robin
   889 | D:2      | Killed Robin
   983 | D:2      | Gained mutation: You are weak. (Str -2) [potion of mutation]
   983 | D:2      | Gained mutation: Scrolls take you a little longer to read. [potion of mutation]
   983 | D:2      | Gained mutation: You have sharp toenails. [potion of mutation]
  1092 | D:2      | Reached XP level 4. HP: 47/49 MP: 4/4
  1138 | D:2      | Reached skill level 4 in Maces & Flails
  1888 | D:3      | Noticed Natasha
  1903 | D:3      | Killed Natasha
  1903 | D:3      | Reached skill level 5 in Maces & Flails
  2072 | D:3      | Reached XP level 5. HP: 49/55 MP: 5/5
  2084 | D:3      | Noticed Natasha
  2093 | D:3      | Killed Natasha
  2117 | D:3      | Noticed Natasha
  2137 | D:3      | Killed Natasha
  2137 | D:3      | Reached skill level 6 in Maces & Flails
  2386 | D:3      | Found an iron altar of Okawaru.
  2404 | D:3      | Became a worshipper of Warmaster Okawaru
  2832 | D:4      | Reached XP level 6. HP: 63/63 MP: 6/6
  2873 | D:4      | Noticed Dowan
  2913 | D:4      | Killed Dowan
  2913 | D:4      | Reached skill level 7 in Maces & Flails
  3133 | D:4      | Noticed Duvessa
  3171 | D:4      | Killed Duvessa
  3171 | D:4      | Reached skill level 8 in Maces & Flails
  3381 | D:4      | Found a sacrificial altar of Ru.
  3504 | D:4      | Reached * piety under Okawaru
  3504 | D:4      | Reached XP level 7. HP: 65/71 MP: 7/7
  3627 | D:4      | Found a shattered altar of Ashenzari.
  3627 | D:4      | Found an oddly glowing altar of Pakellas.
  3740 | D:4      | Reached skill level 9 in Maces & Flails
  3852 | D:5      | Entered Level 5 of the Dungeon
  3866 | D:5      | Found an opulent altar of Gozag.
  4162 | D:5      | Noticed Prince Ribbit
  4536 | D:5      | Reached skill level 10 in Maces & Flails
  4851 | D:6      | Noticed Pikel
  4870 | D:6      | Killed Pikel
  4870 | D:6      | Reached ** piety under Okawaru
  4870 | D:6      | Reached skill level 5 in Fighting
  4870 | D:6      | Reached skill level 11 in Maces & Flails
  4870 | D:6      | Reached XP level 8. HP: 30/80 MP: 8/8
  5207 | D:6      | Reached skill level 12 in Maces & Flails
  5560 | D:6      | Slain by a wyvern zombie

Vault maps used:
D:1:      dpeg_arrival_court, corexii_hall_statues_l
D:2:      kennysheep_goblin_castle, serial_bayou_lake_a
D:3:      okawaru_altar_gauntlet_db, first_bread, uniq_natasha, uniq_robin
D:4:      gammafunk_temple_overflow_elements, nicolae_ru_sacrificial_ziggurat,
          uniq_duvessa
D:5:      overflow_temple_1_default, minmay_misc_feat_cross, uniq_prince_ribbit1
D:6:      lemuel_ratsnest, serial_shops, nicolae_shop_crystal,
          minmay_splitting_lines, kennysheep_cross_bottleneck,
          trog_hazing_becter, uniq_pikel

Skill      XL: |  1  2  3  4  5  6  7  8 |
---------------+-------------------------+-----
Dodging        | 2 |  2.0
Maces & Flails | 2 3 5 6 8 11 12 | 12.1
Fighting       | 5 |  5.3
Crossbows      | |  2.1
Stealth        | |  1.5

Action                   |  1- 3 |  4- 6 |  7- 9 || total
-------------------------+-------+-------+-------++-------
Melee: Flail             |       |   187 |   197 ||   384
       Kick              |       |    32 |    55 ||    87
       Whip              |       |       |    22 ||    22
 Fire: Hand crossbow     |    80 |    39 |       ||   119
Invok: Heroism           |       |       |     1 ||     1
Evoke: Wand              |       |       |     5 ||     5
  Use: Scroll            |     6 |     3 |     2 ||    11
       Potion            |     3 |     2 |     2 ||     7
 Stab: Sleeping          |       |     3 |     2 ||     5
  Eat: Fruit             |       |     3 |       ||     3
       Bread ration      |       |     1 |     1 ||     2
       Chunk             |       |     2 |     2 ||     4
Armor: Robe              |    15 |       |       ||    15
       Animal skin       |     4 |    70 |    47 ||   121
Dodge: Dodged            |    31 |   109 |   104 ||   244
